 Dungeon Crawl Stone Soup version 0.23.2-1-ga50397a (webtiles) character file.

Game seed: 6619938478369616638

826 classetmb the Chucker (level 7, -2/55 HPs)
             Began as a Centaur Arcane Marksman on May 21, 2019.
             Shot with an arrow by a centaur (12 damage)
             ... on level 5 of the Dungeon on May 22, 2019.
             The game lasted 01:25:30 (5138 turns).

classetmb the Chucker (Centaur Arcane Marksman)     Turns: 5138, Time: 01:25:31

Health: -2/55      AC:  6    Str: 13    XL:     7   Next: 64%
Magic:  3/9        EV:  9    Int: 12    God:
Gold:   314        SH:  0    Dex: 11    Spells: 3/9 levels left

rFire    . . .     SeeInvis .   b - +1 dagger (drain)
rCold    . . .     Gourm    .   (no shield)
rNeg     . . .     Faith    .   y - +0 leather armour
rPois    .         Spirit   .   (no helmet)
rElec    .         Reflect  .   j - +1 cloak
rCorr    .         Harm     .   (no gloves)
MR       ++...                  (no barding)
Stlth    +.........             (no amulet)
HPRegen  0.18/turn              g - ring of protection from magic
MPRegen  0.11/turn              A - ring of protection from magic

@: about to teleport, very quick
A: large, hooves 3, deformed body, speed 2, tough skin 3
a: no special abilities


You were on level 5 of the Dungeon.
You were not hungry.

You visited 1 branch of the dungeon, and saw 5 of its levels.

You collected 314 gold pieces.

Inventory:

Hand Weapons
 a - a +0 hunting sling
 b - a +1 dagger of draining (weapon)
 h - a +0 club
 m - a +0 dagger
 q - a +0 hand axe
 r - a +2 antimagic short sword
 u - a +0 short sword
 w - a +0 long sword
 x - a +0 rapier
 B - a +0 flail
 F - a +0 trident
 H - a +0 spear
 I - a +0 short sword
Missiles
 k - 171 stones
 o - 4 javelins
 s - 2 tomahawks (quivered)
 E - 19 poisoned needles
Armour
 j - a +1 cloak (worn)
 v - a +0 leather armour
 y - a +0 leather armour (worn)
Jewellery
 g - a ring of protection from magic (left hand)
 A - a ring of protection from magic (right hand)
Wands
 e - a wand of flame (22)
Scrolls
 c - a scroll of enchant weapon
 d - a scroll of identify
 l - a scroll of remove curse
 n - a scroll of enchant armour
 t - a scroll of teleportation
Potions
 i - 2 potions of brilliance
 G - a potion of curing
Comestibles
 f - 9 rations


   Skills:
 + Level 2.3 Fighting
 + Level 2.0 Short Blades
 + Level 0.1 Maces & Flails
 + Level 3.3(4.9) Slings
 + Level 5.5(6.0) Throwing
 + Level 1.2 Armour
 + Level 2.0 Dodging
 + Level 0.5 Stealth
 + Level 1.9 Spellcasting
 + Level 4.1 Hexes


You had 3 spell levels left.
You knew the following spells:

 Your Spells              Type           Power        Failure   Level  Hunger
a - Corona                Hex            ##.....      6%          1    ##.....
b - Slow                  Hex            ##......     10%         2    ###....
c - Portal Projectile     Hex/Tloc       #.....       41%         3    ####...

Your spell library contained the following spells:

 Spells                   Type           Power        Failure   Level  Hunger
 Inner Flame              Hex/Fire       #.......     41%         3    ####...
 Cause Fear               Hex            ##........   52%         4    #####..
 Leda's Liquefaction      Hex/Erth       #.........   83%         4    #####..


Dungeon Overview and Level Annotations

Branches:
Dungeon (5/15)
 Temple: D:4-7

Altars:
Ru
Zin


Innate Abilities, Weirdness & Mutations

You have hooves in place of feet.
Armour fits poorly on your strangely shaped body.
You cover ground very quickly.
You have extremely tough skin. (AC +3)


Message History

The centaur is lightly wounded.
As you read the scroll of teleportation, it crumbles to dust.
You feel strangely unstable.
There is a stone staircase leading down here.
Your surroundings suddenly seem different.
Found a scroll of identify.
The centaur is too close now for your liking.
Throwing (i - inventory. (/) - cycle)
s - 2 tomahawks (quivered)
Press: ? - help, Shift-Dir - straight line, f/p - centaur
Aim: a centaur, wielding a +0 shortbow (lightly wounded)
Okay, then.
The centaur shoots an arrow.
The arrow completely misses you.
You see here an arrow.
You feel better.
The centaur shoots an arrow.
The arrow completely misses you.
The centaur shoots an arrow.
The arrow hits you.
* * * LOW HITPOINT WARNING * * *
As you read the scroll of teleportation, it crumbles to dust.
You feel strangely unstable.
The centaur shoots an arrow.
The arrow hits you!
You die...

.#.#.#>#.# .......S.#
.#.#.#.#.# .......c.#
####### .#.#.#.#.#
....?..
.......((########.......
.#.#.#.#(c..............
.......#................
......##..(.....@.......
......##...$...(...#####
......##..............#
......##..........###.#
......##......)(..# #
.#######..........# )..#
##........... ...#
#............ ...#
#.............


You could see a centaur.

Vanquished Creatures
  An ogre (D:5)
  A centaur (D:5)
  A jelly (D:5)
  2 scorpions
  3 hounds (D:4)
  A bullfrog skeleton (D:3)
  2 orc priests (D:4)
  An iguana (D:4)
  2 worker ants (D:4)
  3 orc wizards (D:4)
  A hound zombie (D:5)
  4 adders
  2 oozes (D:1)
  An adder zombie (D:5)
  A worm (D:2)
  6 dart slugs
  6 orcs
  6 giant cockroaches
  10 hobgoblins
  8 jackals (D:2)
  4 quokkas
  3 ball pythons
  6 bats
  4 frilled lizards
  12 goblins
  7 kobolds
  8 rats
106 creatures vanquished.

Notes
Turn   | Place    | Note
-------+----------+-------------------------------------------
     0 | D:1      | classetmb the Centaur Arcane Marksman began the quest for
                  | the Orb.
     0 | D:1      | Reached XP level 1. HP: 16/16 MP: 2/2
   392 | D:1      | Reached XP level 2. HP: 23/23 MP: 1/3
   626 | D:1      | Reached XP level 3. HP: 22/28 MP: 1/4
  1146 | D:2      | Found a glowing silver altar of Zin.
  1211 | D:2      | Reached skill level 3 in Throwing
  1623 | D:2      | Found a sacrificial altar of Ru.
  1750 | D:2      | Reached XP level 4. HP: 34/35 MP: 5/5
  2653 | D:3      | Reached skill level 4 in Throwing
  2888 | D:3      | Reached skill level 1 in Short Blades
  2888 | D:3      | Reached XP level 5. HP: 38/40 MP: 6/6
  2905 | D:3      | Learned a level 2 spell: Slow
  2909 | D:3      | Learned a level 3 spell: Portal Projectile
  3488 | D:4      | Reached skill level 5 in Throwing
  3560 | D:4      | Reached XP level 6. HP: 44/47 MP: 2/7
  4176 | D:4      | Reached skill level 1 in Slings
  4438 | D:4      | Reached XP level 7. HP: 41/55 MP: 3/9
  4659 | D:5      | Entered Level 5 of the Dungeon
  4881 | D:5      | Reached skill level 1 in Armour
  5138 | D:5      | Shot with an arrow by a centaur

Skill      XL: |  1  2  3  4  5  6  7 |
---------------+----------------------+-----
Hexes          | 3 4 |  4.1
Throwing       | 3 4 5 |  5.5
Short Blades   | 1 2 |  2.0
Dodging        | 2 |  2.0
Fighting       | 2 |  2.3
Slings         | 2 3 |  3.3
Armour         | 1 |  1.2
Maces & Flails | |  0.1
Stealth        | |  0.5
Spellcasting   | |  1.9

Action                   |  1- 3 |  4- 6 |  7- 9 || total
-------------------------+-------+-------+-------++-------
Melee: Club              |     2 |       |       ||     2
       Short sword       |    23 |    48 |     3 ||    74
       Kick              |    12 |    17 |    10 ||    39
       Dagger            |    43 |    73 |    19 ||   135
 Fire: Hunting sling     |       |    26 |    32 ||    58
Throw: Javelin           |    31 |       |       ||    31
       Stone             |    39 |     6 |       ||    45
       Throwing net      |    11 |     2 |       ||    13
       Tomahawk          |    41 |    91 |     6 ||   138
 Cast: Slow              |       |    13 |    10 ||    23
       Corona            |       |     8 |     4 ||    12
  Use: Scroll            |     5 |     8 |     4 ||    17
       Potion            |     2 |     1 |     1 ||     4
  Eat: Chunk             |     2 |     5 |     2 ||     9
       Ration            |       |     1 |     1 ||     2
Armor: Leather armour    |    18 |    34 |     6 ||    58
       Robe              |    17 |     2 |       ||    19
Dodge: Dodged            |    41 |    55 |    14 ||   110
